[Event "Titled Tuesday Blitz March 21 Early 2023"]
[White "Makarian, Rudik"]
[Black "Gukesh D"]
[WhiteFideId "44105681"]
[BlackFideId "46616543"]
[WhiteElo "2436"]
[BlackElo "2612"]
[Result "1-0"]
[Round "11"]
[TimeControl "180+2"]
[Date "2023.03.21"]
[WhiteClock "0:00:18"]
[BlackClock "0:00:01"]

1. d4 Nf6 2. c4 g6 3. Nc3 Bg7 4. e4 d6 5. Be2 O-O 6. Be3 Na6 7. Nf3 e5 8. O-O Qe7 9. Nd5 Nxd5 10. cxd5 exd4 11. Bxd4 Qxe4 12. Bxg7 Kxg7 13. Rc1 Nc5 14. Rc4 Qe7 15. b4 Ne4 16. Qa1+ Kg8 17. Rfc1 c6 18. dxc6 bxc6 19. Rxc6 Bg4 20. h3 Bxf3 21. Bxf3 d5 22. Qd4 Rfd8 23. Rc7 Qg5 24. Bxe4 dxe4 25. Qxe4 Rab8 26. a3 Re8 27. Qf3 Re7 28. Rxe7 Qxe7 29. g3 Qe5 30. Kg2 a5 31. Rc5 Qd4 32. Rxa5 Rb6 33. Qd5 Qf6 34. Ra8+ Kg7 35. Qd8 Qe6 36. Qf8+ Kf6 37. Qh8+ Kg5 38. Qd4 Qc6+ 39. Kh2 Kh6 40. Rg8 g5 41. Qg7+ 1-0


[Site "https://www.chess.com"]

[Event "Titled Tuesday Blitz March 21 Early 2023"]
[White "Praggnanandhaa R"]
[Black "Averjanov, Alexey"]
[WhiteFideId "25059530"]
[BlackFideId "14109867"]
[WhiteElo "2623"]
[BlackElo "2826"]
[Result "1/2-1/2"]
[Round "11"]
[TimeControl "180+2"]
[Date "2023.03.21"]
[WhiteClock "0:00:09"]
[BlackClock "0:00:07"]

1. g3 c5 2. Bg2 Nc6 3. c4 g6 4. h4 h5 5. Nc3 Bg7 6. d3 e6 7. Nh3 Nge7 8. O-O O-O 9. Bg5 d6 10. a3 Qd7 11. Rb1 b6 12. Qd2 Bb7 13. b4 Nd4 14. Bxb7 Qxb7 15. Ne4 Nef5 16. bxc5 dxc5 17. Nxc5 Qc6 18. Ne4 f6 19. Be3 e5 20. Bxd4 Nxd4 21. f4 f5 22. Neg5 Qd7 23. fxe5 Bxe5 24. Nf4 Rfe8 25. e3 Nc6 26. Nd5 Kg7 27. Qg2 Rad8 28. Rbe1 Qd6 29. Kh2 Qxa3 30. d4 Bb8 31. Nf4 Bxf4 32. Qxc6 Bxg5 33. hxg5 Re7 34. e4 fxe4 35. Rxe4 Rxe4 36. Qf6+ Kh7 37. Qxd8 Qe7 38. Qd5 Re2+ 39. Kh3 Re6 40. c5 bxc5 41. dxc5 Kg7 42. Rb1 Re5 43. Qb7 Qxb7 44. Rxb7+ Kf8 45. c6 Rc5 46. c7 Ke8 47. g4 hxg4+ 48. Kxg4 Rc4+ 49. Kf3 a5 50. Ra7 Kd7 51. Rxa5 Kxc7 52. Ra7+ Kd6 53. Rg7 Ke5 54. Rxg6 Kf5 55. Rg8 Rc3+ 56. Kf2 Rc2+ 57. Kg3 Rc3+ 58. Kh4 Rc7 59. Rf8+ Kg6 60. Rf6+ Kg7 61. Ra6 Rb7 62. Kh5 Rc7 63. Rg6+ Kh7 64. Rd6 Kg7 65. Rd5 Kh7 66. g6+ Kg7 67. Kg5 Re7 68. Rf5 Rc7 69. Rf7+ Rxf7 70. gxf7 Kxf7 1/2-1/2


[Site "https://www.chess.com"]

[Event "Titled Tuesday Blitz March 21 Early 2023"]
[White "Durarbayli, Vasif"]
[Black "Seo, Jung Min"]
[WhiteFideId "13402935"]
[BlackFideId "1734687"]
[WhiteElo "2543"]
[BlackElo "2468"]
[Result "0-1"]
[Round "11"]
[TimeControl "180+2"]
[Date "2023.03.21"]
[WhiteClock "0:00:03"]
[BlackClock "0:00:35"]

1. e4 c5 2. Nf3 e6 3. d4 cxd4 4. Nxd4 Nc6 5. Nc3 Qc7 6. Be3 a6 7. Qf3 h5 8. O-O-O Nf6 9. Nxc6 bxc6 10. Bf4 e5 11. Bg5 Be7 12. Bc4 d5 13. exd5 Bg4 14. d6 Bxd6 15. Qd3 Bxd1 16. Bxf6 Bxc2 17. Qxc2 gxf6 18. Qf5 Be7 19. Ne4 Rh6 20. Rd1 Rd8 21. Rxd8+ Qxd8 22. Bxa6 h4 23. Qg4 Rg6 24. Qxh4 f5 25. Qh8+ Kd7 26. Qh3 Rg4 27. f3 Rf4 28. Nc3 Qb6 29. Bd3 Qe3+ 30. Kc2 Qf2+ 31. Ne2 Kc7 32. Qg3 Qc5+ 33. Nc3 Bd6 34. Qg8 e4 35. Qxf7+ Be7 0-1


[Site "https://www.chess.com"]

[Event "Titled Tuesday Blitz March 21 Early 2023"]
[White "Krysa, Leandro"]
[Black "Moroni, Luca Jr"]
[WhiteFideId "116807"]
[BlackFideId "865834"]
[WhiteElo "2485"]
[BlackElo "2569"]
[Result "0-1"]
[Round "11"]
[TimeControl "180+2"]
[Date "2023.03.21"]
[WhiteClock "0:00:06"]
[BlackClock "0:01:26"]

1. e4 g6 2. d4 Bg7 3. Bc4 e6 4. Bb3 a6 5. Nf3 b5 6. O-O Bb7 7. Re1 d6 8. Nbd2 Nf6 9. c3 Nbd7 10. Bc2 c5 11. Nf1 Rc8 12. Ng3 O-O 13. h4 h5 14. Bg5 cxd4 15. cxd4 Qb6 16. Rc1 Ng4 17. Bb1 Rxc1 18. Qxc1 Bxd4 19. Nxd4 Qxd4 20. Qc2 Rc8 21. Qe2 Nde5 22. Rd1 Qb6 23. Be7 Re8 24. Bxd6 Rd8 25. Bxe5 Rxd1+ 26. Qxd1 Qxf2+ 27. Kh1 Nxe5 28. Qd8+ Kh7 29. Qg5 Ng4 30. Bd3 Qxg3 0-1


[Site "https://www.chess.com"]

[Event "Titled Tuesday Blitz March 21 Early 2023"]
[White "Rozman, Levy"]
[Black "Ibarra Jerez, Jose Carlos"]
[WhiteFideId "2039877"]
[BlackFideId "2226332"]
[WhiteElo "2376"]
[BlackElo "2638"]
[Result "0-1"]
[Round "11"]
[TimeControl "180+2"]
[Date "2023.03.21"]
[WhiteClock "0:00:05"]
[BlackClock "0:00:03"]

1. e4 c5 2. Nc3 a6 3. d4 cxd4 4. Qxd4 Nc6 5. Qe3 g6 6. Bd2 Bg7 7. O-O-O d6 8. Nd5 Bd4 9. Qg3 Nf6 10. Nxf6+ Bxf6 11. Bc3 Bxc3 12. Qxc3 O-O 13. h4 Be6 14. h5 Ne5 15. hxg6 fxg6 16. f3 Rc8 17. Qa3 Qb6 18. Ne2 Nc4 19. Qb3 Qf2 20. Nd4 Bf7 21. Bxc4 Rxc4 22. Qd3 Qxg2 23. Qd2 Qxd2+ 24. Rxd2 h5 25. c3 b5 26. Nc2 Be6 27. Ne3 Rc5 28. Rg2 Kh7 29. Rf2 Rg5 30. f4 Rg3 31. Kd2 Bxa2 32. f5 Bf7 33. fxg6+ Kxg6 34. Nf5 Rg4 35. Nxe7+ Kg7 36. Nf5+ Kg6 37. Nxd6 Rd8 38. e5 Bb3 39. Rf6+ Kg5 40. Ke3 Rg3+ 41. Kf2 Rg4 42. Rf5+ Kg6 43. Rf6+ Kg5 44. Rf5+ Kg6 45. Rhxh5 Bd5 46. Rh2 Rxd6 47. exd6 Kxf5 48. d7 Rg8 49. Rh6 Rd8 50. Rxa6 Rxd7 51. Ke3 Bc4 52. Rb6 Rd3+ 53. Kf2 Rd2+ 54. Ke3 Rxb2 55. Kd4 Rd2+ 56. Kc5 Ke4 57. Kb4 Kd3 58. Rb8 Rb2+ 59. Kc5 Kxc3 60. Rh8 Rd2 61. Rh4 Rd5+ 62. Kc6 Rg5 63. Rh3+ Bd3 64. Rh8 b4 65. Rg8 Rxg8 0-1


[Site "https://www.chess.com"]

[Event "Titled Tuesday Blitz March 21 Early 2023"]
[White "Domingo Nunez, Ruben"]
[Black "Chigaev, Maksim"]
[WhiteFideId "22245570"]
[BlackFideId "4108116"]
[WhiteElo "2404"]
[BlackElo "2547"]
[Result "0-1"]
[Round "11"]
[TimeControl "180+2"]
[Date "2023.03.21"]
[WhiteClock "0:00:12"]
[BlackClock "0:00:20"]

1. b3 d5 2. Bb2 c6 3. Nf3 Nf6 4. e3 Bg4 5. Be2 Nbd7 6. h3 Bxf3 7. Bxf3 e6 8. d3 Bd6 9. Nd2 Qe7 10. O-O O-O-O 11. c4 h5 12. a3 g5 13. Be2 g4 14. h4 g3 15. f4 Ng4 16. Bxh8 Nxe3 17. Qe1 Rxh8 18. Qxg3 Nf5 19. Qh3 Rg8 20. Rf3 Qf6 21. Raf1 Qb2 22. Rd1 Nf6 23. b4 Ng4 24. c5 Qd4+ 25. Kh1 Bxf4 26. Nf1 Nf2+ 27. Rxf2 Qxf2 28. Bxh5 Rg3 29. Nxg3 Nxg3+ 30. Kh2 Nxh5+ 31. Kh1 Ng3+ 32. Kh2 Qe2 33. Rb1 Qxd3 34. Qg4 Nh5+ 35. g3 Bxg3+ 36. Kg2 Nf4+ 0-1


[Site "https://www.chess.com"]

[Event "Titled Tuesday Blitz March 21 Early 2023"]
[White "Carlsen, Magnus"]
[Black "Idani, Pouya"]
[WhiteFideId "1503014"]
[BlackFideId "12510130"]
[WhiteElo "2852"]
[BlackElo "2574"]
[Result "1-0"]
[Round "11"]
[TimeControl "180+2"]
[Date "2023.03.21"]
[WhiteClock "0:01:15"]
[BlackClock "0:00:58"]

1. e4 c5 2. Nf3 d6 3. d4 cxd4 4. Nxd4 Nf6 5. Nc3 Nc6 6. f3 e5 7. Nb3 Be6 8. Nd5 Be7 9. c4 O-O 10. Be3 Nd7 11. Nxe7+ Qxe7 12. Qd2 Nc5 13. Rd1 Rad8 14. Be2 b6 15. O-O f5 16. Bg5 Nxb3 17. axb3 Rf6 18. exf5 Bf7 19. Bd3 Nd4 20. Rfe1 Rf8 21. Be4 Rd8 22. Qe3 d5 23. Bxd5 Bxd5 24. Rxd4 1-0


[Site "https://www.chess.com"]

[Event "Titled Tuesday Blitz March 21 Early 2023"]
[White "Hayrapetyan, Hovik"]
[Black "Andreikin, Dmitry"]
[WhiteFideId "13302639"]
[BlackFideId "4158814"]
[WhiteElo "2348"]
[BlackElo "2736"]
[Result "0-1"]
[Round "11"]
[TimeControl "180+2"]
[Date "2023.03.21"]
[WhiteClock "0:00:01"]
[BlackClock "0:00:05"]

1. d4 d5 2. c4 c6 3. Nf3 e6 4. Nc3 Nf6 5. e3 Nbd7 6. Bd3 dxc4 7. Bxc4 Bd6 8. e4 b5 9. Bb3 b4 10. e5 bxc3 11. exd6 cxb2 12. Bxb2 Ba6 13. Ne5 Ne4 14. Qc2 Qa5+ 15. Kd1 Nef6 16. Re1 O-O 17. Qc3 Qb5 18. Qxc6 Rfc8 19. Qxb5 Bxb5 20. Kd2 Nb6 21. Rac1 Rxc1 22. Bxc1 Rd8 23. Ba3 Nc8 24. Bc5 a6 25. a4 Be8 26. Nc4 Bc6 27. f3 Bd5 28. Rb1 h5 29. Ne5 Bxb3 30. Rxb3 Nxd6 31. Bxd6 Rxd6 32. Rb8+ Kh7 33. Rh8+ Kxh8 34. Nxf7+ Kh7 35. Nxd6 Nd5 36. Ne4 a5 37. Ng5+ Kg6 38. Nxe6 Nb6 39. Nc5 Kf5 40. g3 g5 41. Kd3 g4 42. f4 h4 43. Nb3 Nxa4 44. Nxa5 Nb2+ 45. Ke3 Nd1+ 46. Ke2 Nc3+ 47. Kf2 Ne4+ 48. Kg2 h3+ 49. Kg1 Nd2 50. Nc6 Nf3+ 51. Kh1 Ke4 52. Ne5 Nxd4 53. Nxg4 Kf3 54. Ne5+ Ke2 55. g4 Kf1 0-1


[Site "https://www.chess.com"]

[Event "Titled Tuesday Blitz March 21 Early 2023"]
[White "Pakleza, Zbigniew"]
[Black "Kramnik, Vladimir"]
[WhiteFideId "1119290"]
[BlackFideId "4101588"]
[WhiteElo "2410"]
[BlackElo "2712"]
[Result "1-0"]
[Round "11"]
[TimeControl "180+2"]
[Date "2023.03.21"]
[WhiteClock "0:00:02"]
[BlackClock "0:00:02"]

1. d4 Nf6 2. Nf3 e6 3. Bf4 d5 4. e3 Bd6 5. Bg3 O-O 6. Nbd2 c5 7. c3 b6 8. Ne5 Qc7 9. Bd3 Ba6 10. Bxa6 Nxa6 11. O-O b5 12. a3 Nd7 13. Nxd7 Qxd7 14. Qe2 Bxg3 15. hxg3 Rab8 16. Rfd1 Rfc8 17. Nf3 Qb7 18. Ne5 f6 19. Nd3 c4 20. Nf4 Nc7 21. Re1 Re8 22. Qg4 Re7 23. Re2 Qc6 24. Rd1 a5 25. Qf3 Rd8 26. g4 e5 27. Nh5 Qe6 28. Qf5 Qf7 29. Qf3 Rde8 30. dxe5 fxe5 31. Red2 Rf8 32. Qxf7+ Rexf7 33. f3 g6 34. Ng3 b4 35. axb4 axb4 36. e4 bxc3 37. bxc3 d4 38. cxd4 c3 39. Rc2 exd4 40. Rxd4 Nb5 41. Rb4 Rb7 42. Rxc3 Nxc3 43. Rxb7 Rf7 44. Rb3 Na4 45. Kf2 Nc5 46. Rc3 Ne6 47. Ke3 Nf4 48. Rc2 Ne6 49. Ne2 Kg7 50. f4 Ra7 51. g5 Ra3+ 52. Rc3 Ra4 53. g3 Rb4 54. Rd3 Ra4 55. Nd4 Nf8 56. Rc3 Ra7 57. Rc8 Rb7 58. e5 Kf7 59. Ke4 Ra7 60. Nb5 Rd7 61. Nd6+ Kg7 62. Kd5 Ra7 63. Rc6 Ra5+ 64. Rc5 Ra7 65. Ke4 Ra4+ 66. Rc4 Ra3 67. g4 1-0


[Site "https://www.chess.com"]

[Event "Titled Tuesday Blitz March 21 Early 2023"]
[White "Samunenkov, Ihor"]
[Black "Indjic, Aleksandar"]
[WhiteFideId "14187086"]
[BlackFideId "911925"]
[WhiteElo "2457"]
[BlackElo "2614"]
[Result "0-1"]
[Round "11"]
[TimeControl "180+2"]
[Date "2023.03.21"]
[WhiteClock "0:00:15"]
[BlackClock "0:01:37"]

1. d4 Nf6 2. Nf3 e6 3. c4 c5 4. d5 d6 5. Nc3 exd5 6. cxd5 g6 7. e4 a6 8. a4 Bg4 9. Be2 Bxf3 10. Bxf3 Nbd7 11. O-O Bg7 12. Bf4 Qe7 13. Re1 O-O 14. Rb1 Rac8 15. h3 Rfe8 16. a5 h5 17. Qa4 Nh7 18. Be2 Bd4 19. Bf1 Qf6 20. Be3 Ne5 21. Rbd1 Bxe3 22. Rxe3 g5 23. Ne2 h4 24. Nc1 Nf8 25. Nd3 Nfg6 26. Nxe5 Nxe5 27. Be2 Re7 28. Rc1 Rec7 29. Rec3 Qf4 30. Qc2 Rb8 31. b4 c4 32. Bxc4 Rbc8 33. Qe2 g4 34. hxg4 Nxg4 35. g3 hxg3 36. fxg3 Qg5 37. Qf3 Ne5 38. Qe2 Nxc4 39. Rxc4 Qxc1+ 0-1


[Site "https://www.chess.com"]

[Event "Titled Tuesday Blitz March 21 Early 2023"]
[White "Ter-Sahakyan, Samvel"]
[Black "Weetik, Vjacheslav"]
[WhiteFideId "13302531"]
[BlackFideId "4153472"]
[WhiteElo "2566"]
[BlackElo "2469"]
[Result "1-0"]
[Round "11"]
[TimeControl "180+2"]
[Date "2023.03.21"]
[WhiteClock "0:00:05"]
[BlackClock "0:00:02"]

1. d4 Nf6 2. c4 e6 3. Nf3 d5 4. Nc3 Be7 5. Bf4 O-O 6. e3 Nbd7 7. c5 c6 8. h3 b6 9. b4 a5 10. a3 Ba6 11. Bxa6 Rxa6 12. O-O Qa8 13. Rb1 axb4 14. axb4 b5 15. Qc2 Qa7 16. Nd2 Ra8 17. Nb3 Bd8 18. Ra1 h6 19. Qb2 Nf8 20. Rxa6 Qxa6 21. Ra1 Qb7 22. Rxa8 Qxa8 23. Qa2 Qxa2 24. Nxa2 Ng6 25. Bd6 Ne4 26. Na5 Nxd6 27. cxd6 Kf8 28. Nxc6 Ke8 29. Nc3 Bf6 30. Nxb5 Kd7 31. Na5 e5 32. Nb3 exd4 33. N3xd4 Ne5 34. Nc7 Kxd6 35. Ne8+ Ke7 36. Nxf6 Kxf6 37. b5 Nc4 38. Kf1 Ke5 39. Ke2 g6 40. g4 Kd6 41. Kf3 Ne5+ 42. Kg3 Kc5 43. h4 Nc4 44. h5 Nd6 45. g5 hxg5 46. h6 f6 47. h7 Nf7 48. Kg4 Ne5+ 49. Kh3 Nf7 50. Kg3 Kb6 51. Kg2 Kc5 52. Kf1 Kb6 53. Ke2 g4 54. Kf1 Kc5 55. Kg2 f5 56. Kg3 Kb6 57. Kf4 Kc5 58. Nxf5 gxf5 59. Kxf5 Kxb5 60. Kf6 g3 61. fxg3 Nd6 62. h8=Q 1-0


[Site "https://www.chess.com"]

[Event "Titled Tuesday Blitz March 21 Early 2023"]
[White "Rustemov, Alexander"]
[Black "Aradhya, Garg"]
[WhiteFideId "4119002"]
[BlackFideId "25006746"]
[WhiteElo "2878"]
[BlackElo "2263"]
[Result "0-1"]
[Round "11"]
[TimeControl "180+2"]
[Date "2023.03.21"]
[WhiteClock "0:00:06"]
[BlackClock "0:02:25"]

1. d4 d5 2. c4 c6 3. Nc3 Nf6 4. e3 Bf5 5. cxd5 cxd5 6. Qb3 Nc6 7. Qxb7 Bd7 8. Qb3 Rb8 9. Qd1 e5 10. Nge2 Bd6 11. dxe5 Nxe5 12. Nf4 O-O 13. Be2 Bc6 14. O-O Nc4 15. Qc2 Be5 16. Rd1 Qa5 17. Nfxd5 Nxd5 18. Bxc4 Nxc3 19. bxc3 Ba4 20. Rd5 Bxc2 21. Rxa5 Bxc3 22. Rxa7 Bxa1 23. Bb3 Bxb3 24. axb3 Rfd8 0-1


[Site "https://www.chess.com"]

[Event "Titled Tuesday Blitz March 21 Early 2023"]
[White "Yeletsky, Ivan"]
[Black "Amilal Munkhdalai"]
[WhiteFideId "24180327"]
[BlackFideId "4903250"]
[WhiteElo "2414"]
[BlackElo "2293"]
[Result "1-0"]
[Round "11"]
[TimeControl "180+2"]
[Date "2023.03.21"]
[WhiteClock "0:00:27"]
[BlackClock "0:00:24"]

1. e4 c5 2. Nf3 Nc6 3. d4 cxd4 4. Nxd4 Qc7 5. Nb5 Qb8 6. c4 a6 7. N5c3 e6 8. Be3 Nf6 9. a3 d6 10. Nd2 Be7 11. Be2 O-O 12. O-O Qc7 13. Rc1 Ne5 14. f4 Ned7 15. b4 b6 16. g4 Bb7 17. g5 Ne8 18. Bf3 Rc8 19. h4 Qb8 20. Qe2 Qa8 21. Qg2 Nc7 22. h5 b5 23. g6 bxc4 24. Nxc4 Nb5 25. Nxb5 axb5 26. Na5 Rxc1 27. Bxc1 Qa7+ 28. Kh1 Ba8 29. gxh7+ Kxh7 30. Rg1 Bf6 31. Bb2 Rg8 32. e5 dxe5 33. Be4+ Kh8 34. h6 g6 35. Rd1 Kh7 36. Bxa8 Rxa8 37. Nc6 Qb7 38. fxe5 Bh8 39. Rf1 Nb6 40. Nd4 Qxg2+ 41. Kxg2 Rf8 42. Nxe6 Re8 43. Ng5+ Kxh6 44. Nxf7+ Kh7 45. Rh1+ Kg8 46. Nxh8 Nc4 47. Ba1 Nxe5 48. Re1 Kxh8 49. Rxe5 Rxe5 50. Bxe5+ Kg8 51. Kf3 Kf7 52. Kg4 Ke6 53. Bd4 Kd5 54. Bc5 Kc4 55. Kg5 Kb3 56. Kxg6 Kxa3 57. Kf5 Kb3 58. Ke5 Kc4 59. Kd6 Kb3 60. Kc6 Kc4 61. Kb6 Kd5 62. Kxb5 1-0


[Site "https://www.chess.com"]

[Event "Titled Tuesday Blitz March 21 Early 2023"]
[White "Salimova, Nurgyul"]
[Black "Gharibyan, Mamikon"]
[WhiteFideId "2915138"]
[BlackFideId "13308300"]
[WhiteElo "2314"]
[BlackElo "2445"]
[Result "0-1"]
[Round "11"]
[TimeControl "180+2"]
[Date "2023.03.21"]
[WhiteClock "0:00:03"]
[BlackClock "0:00:38"]

1. d4 g6 2. Nf3 Bg7 3. g3 c5 4. d5 d6 5. Bg2 b5 6. O-O Nf6 7. Re1 O-O 8. e4 Bg4 9. a4 b4 10. h3 Bxf3 11. Qxf3 Nbd7 12. Nd2 a5 13. Nc4 Nb6 14. Qe2 Nxc4 15. Qxc4 Nd7 16. Kh2 Qc7 17. Rb1 Nb6 18. Qb5 Rfb8 19. Bg5 h6 20. Bd2 Nd7 21. Qe2 Nb6 22. b3 c4 23. f4 Rd8 24. Be3 cxb3 25. cxb3 Rac8 26. Qb5 Nd7 27. Rec1 Bc3 28. h4 Nf6 29. Qe2 h5 30. Bh3 Nxe4 31. Bxc8 Rxc8 32. Bd4 f5 33. Rc2 Bxd4 34. Rxc7 Rxc7 35. Rd1 Ba7 36. Qa6 Rc2+ 37. Kh1 Nxg3# 0-1


[Site "https://www.chess.com"]

[Event "Titled Tuesday Blitz March 21 Early 2023"]
[White "Aaditya Dhingra"]
[Black "Drygalov, Andrey"]
[WhiteFideId "25678191"]
[BlackFideId "24171735"]
[WhiteElo "2083"]
[BlackElo "2471"]
[Result "0-1"]
[Round "11"]
[TimeControl "180+2"]
[Date "2023.03.21"]
[WhiteClock "0:01:26"]
[BlackClock "0:00:50"]

1. e4 c5 2. Nf3 d6 3. Bb5+ Nd7 4. d4 cxd4 5. Qxd4 a6 6. Bxd7+ Bxd7 7. O-O e5 8. Qd3 h6 9. c4 b5 10. Nc3 bxc4 11. Qxc4 Nf6 12. Qd3 Be7 13. b3 O-O 14. Nd2 Be6 15. Ba3 Qa5 16. Bb2 Rac8 17. Ndb1 Rfd8 18. Nd2 d5 19. exd5 Nxd5 20. Nc4 Nf4 21. Qe4 Bxc4 22. bxc4 Rd4 23. Qf5 Rcxc4 24. g3 g6 25. Qb1 Nd3 26. Ne2 Rd8 27. Rd1 e4 0-1


[Site "https://www.chess.com"]

[Event "Titled Tuesday Blitz March 21 Early 2023"]
[White "Staudenhocker43"]
[Black "Aditya Mittal"]
[BlackFideId "35042025"]
[WhiteElo "2543"]
[BlackElo "2396"]
[Result "1/2-1/2"]
[Round "11"]
[TimeControl "180+2"]
[Date "2023.03.21"]
[WhiteClock "0:00:17"]
[BlackClock "0:00:14"]

1. d4 Nf6 2. Nf3 d5 3. c4 e6 4. Nc3 c5 5. cxd5 cxd4 6. Qxd4 exd5 7. e4 dxe4 8. Qxd8+ Kxd8 9. Ng5 Be6 10. Nxe6+ fxe6 11. Bg5 Ke8 12. Bc4 Kf7 13. Bxf6 gxf6 14. Nxe4 Bb4+ 15. Ke2 Nc6 16. Rhd1 Rad8 17. a3 Be7 18. Rxd8 Rxd8 19. Rd1 Nd4+ 20. Kf1 f5 21. Ng3 Bf6 22. Ne2 Rc8 23. b3 b5 24. Nxd4 bxc4 25. Nb5 Be7 26. bxc4 Rxc4 27. Nxa7 Bxa3 28. Nb5 Bc5 29. Nd6+ Bxd6 30. Rxd6 Kf6 31. g3 h5 32. Kg2 h4 33. Ra6 hxg3 34. hxg3 Rc2 35. Kf3 Rc3+ 36. Ke2 Rb3 37. Kf1 Ke5 38. Kg2 Rb5 39. Kf3 Kd5 40. Ke3 e5 41. Ra8 Rb3+ 42. Ke2 Rc3 43. Ra4 Rb3 44. Ra5+ Ke4 45. Ra4+ Kd5 46. Ra5+ Ke6 47. Ra6+ Kf7 48. Ra7+ Kf6 49. Ra6+ Kg5 50. Re6 e4 51. Kf1 Rb2 52. Kg2 Re2 53. Kf1 Ra2 54. Kg2 Kh5 55. Re5 Kg4 56. Re8 Kg5 57. Rg8+ Kf6 58. Rf8+ Ke6 59. Re8+ Kd5 60. Kf1 Kd4 61. Rd8+ Ke5 62. Re8+ Kf6 63. Rf8+ Ke6 64. Re8+ Kf7 65. Re5 Kf6 66. Re8 Kg5 67. Rg8+ Kf6 68. Rf8+ Kg6 69. Rg8+ Kf7 70. Rg5 Kf6 71. Rg8 Ra1+ 72. Kg2 Rb1 73. Rf8+ Kg6 74. g4 fxg4 75. Rf4 Kg5 76. Rxe4 Rb3 77. Re3 Rxe3 78. fxe3 Kf5 79. Kg3 Ke4 80. Kxg4 Kxe3 1/2-1/2


[Site "https://www.chess.com"]

[Event "Titled Tuesday Blitz March 21 Early 2023"]
[White "Kobo, Ori"]
[Black "Popov, Mikhail"]
[WhiteFideId "2812320"]
[BlackFideId "4146182"]
[WhiteElo "2447"]
[BlackElo "2270"]
[Result "0-1"]
[Round "11"]
[TimeControl "180+2"]
[Date "2023.03.21"]
[WhiteClock "0:00:01"]
[BlackClock "0:00:16"]

1. e4 e6 2. d4 d5 3. Nc3 Nf6 4. Bg5 dxe4 5. Nxe4 Be7 6. Bxf6 Bxf6 7. Nf3 O-O 8. Qd2 b6 9. O-O-O Bb7 10. Bd3 Nd7 11. h4 Be7 12. Kb1 c5 13. dxc5 Qc7 14. cxb6 axb6 15. Qc3 Qf4 16. Neg5 Nf6 17. a3 Rfc8 18. Qe5 Qa4 19. Nxf7 Bxa3 20. Qxe6 Bd5 21. Bxh7+ Nxh7 22. Nh6+ Kh8 23. Nf7+ Kg8 24. Nh6+ Kf8 25. Qf5+ Nf6 26. Rxd5 Bxb2 27. Ra5 bxa5 28. Kxb2 Rab8+ 29. Kc1 Qa3+ 30. Kd2 Qc3+ 31. Kc1 Rd8 32. Ng4 Qa1# 0-1


[Site "https://www.chess.com"]

[Event "Titled Tuesday Blitz March 21 Early 2023"]
[White "Ashraf, Artin"]
[Black "Starozhilov, Leonid"]
[WhiteFideId "22514805"]
[BlackFideId "14106752"]
[WhiteElo "2188"]
[BlackElo "2402"]
[Result "1-0"]
[Round "11"]
[TimeControl "180+2"]
[Date "2023.03.21"]
[WhiteClock "0:00:05"]
[BlackClock "0:00:02"]

1. Nf3 Nf6 2. g3 g6 3. Bg2 Bg7 4. O-O O-O 5. d4 d6 6. Nc3 c6 7. e4 Bg4 8. a4 a5 9. h3 Bxf3 10. Bxf3 Nbd7 11. Be3 e5 12. d5 Qc7 13. Rc1 h5 14. Qd2 Rfc8 15. Rfd1 Ne8 16. g4 hxg4 17. hxg4 Nb6 18. b3 cxd5 19. Nxd5 Nxd5 20. Qxd5 Qe7 21. g5 Bf8 22. Bg4 Rc6 23. c4 Ng7 24. Kg2 Ne6 25. Bxe6 fxe6 26. Qd3 Kf7 27. Rh1 Bg7 28. Rh3 Rh8 29. Rf3+ Kg8 30. Rd1 Rh5 31. Rg3 Bf8 32. Rh1 Rxh1 33. Kxh1 Qf7 34. Rh3 b6 35. Kg2 Qb7 36. Qe2 Rc7 37. Qg4 Qc8 38. Bxb6 Rf7 39. Bxa5 Rf4 40. Qe2 Qa8 41. Bd2 Rxe4 42. Qf3 Rg4+ 43. Kf1 Re4 44. Qf6 Bg7 45. Qxe6+ Kf8 46. Qxd6+ Kg8 47. Qe6+ Kf8 48. Bb4# 1-0


[Site "https://www.chess.com"]

[Event "Titled Tuesday Blitz March 21 Early 2023"]
[White "Skliarov, Viktor"]
[Black "Mekhitarian, Krikor Sevag"]
[WhiteFideId "14106736"]
[BlackFideId "2107660"]
[WhiteElo "2289"]
[BlackElo "2604"]
[Result "0-1"]
[Round "11"]
[TimeControl "180+2"]
[Date "2023.03.21"]
[WhiteClock "0:00:02"]
[BlackClock "0:00:08"]

1. e4 c5 2. Nf3 e6 3. c3 Nf6 4. Bd3 d5 5. e5 Nfd7 6. Bc2 c4 7. d4 cxd3 8. Qxd3 Nc6 9. Bf4 Qc7 10. Qe2 f6 11. Ba4 Nc5 12. Bb5 a6 13. Bxc6+ bxc6 14. O-O a5 15. Re1 Ba6 16. Qd2 Nd3 17. Rd1 fxe5 18. Bg3 Bd6 19. Qc2 O-O 20. Ng5 Qe7 21. Rxd3 Bxd3 22. Qxd3 Qxg5 23. Nd2 Rad8 24. Nf3 Qh5 25. Qd2 e4 26. Nd4 Bxg3 27. hxg3 Rf6 28. Nxc6 Rh6 29. Qxh6 Qxh6 30. Nxd8 Qd2 31. Nxe6 e3 32. fxe3 Qxe3+ 33. Kh2 Qxe6 34. Rd1 Qh6+ 35. Kg1 Qe3+ 36. Kh2 Qe5 37. Rd4 h5 38. Ra4 g5 39. Kh3 Qf5+ 40. Kh2 Qe5 41. Kh3 Qe1 42. Kh2 Kf7 43. Rxa5 Ke6 44. Ra4 Qd2 45. Rb4 Qe3 46. a4 Qe5 47. Kh3 Qf5+ 48. Kh2 Qe5 49. Kh3 Qe2 50. Kh2 Ke5 51. Kh3 Qf1 52. Kh2 Qa1 53. a5 Qxa5 54. Rd4 Qa2 55. Rb4 Qa1 56. Rb5 Qc1 57. Rb4 Qd2 58. Rb5 Ke4 59. Rb4+ Ke3 60. Kh3 Kf2 61. Rb8 Kg1 0-1


[Site "https://www.chess.com"]

[Event "Titled Tuesday Blitz March 21 Early 2023"]
[White "Kilic, Eray"]
[Black "Cuenca Jimenez, Jose Fernando"]
[WhiteFideId "44517173"]
[BlackFideId "2255570"]
[WhiteElo "2328"]
[BlackElo "2429"]
[Result "1-0"]
[Round "11"]
[TimeControl "180+2"]
[Date "2023.03.21"]
[WhiteClock "0:02:27"]
[BlackClock "0:00:14"]

1. e4 d6 2. d4 Nf6 3. Nc3 e5 4. Nf3 Nbd7 5. Bc4 Be7 6. O-O O-O 7. a4 c6 8. Ba2 h6 9. h3 Re8 10. Re1 exd4 11. Qxd4 Nf8 12. Be3 Be6 13. Bxe6 Nxe6 14. Qd2 Qa5 15. Rad1 Qb4 16. Nd4 Nc5 17. Nf5 Ncxe4 18. Nxe4 Qxe4 19. Nxg7 Rec8 20. Bxh6 Qg6 21. Rxe7 Kh7 22. Nf5 Qxf5 23. Rxf7+ Kg8 24. Rg7+ Kh8 25. Rg5 Qh7 26. Bg7+ 1-0


[Site "https://www.chess.com"]

[Event "Titled Tuesday Blitz March 21 Early 2023"]
[White "Al-Tarboush, Ward"]
[Black "Flores, Diego"]
[WhiteFideId "7601450"]
[BlackFideId "108049"]
[WhiteElo "2257"]
[BlackElo "2606"]
[Result "0-1"]
[Round "11"]
[TimeControl "180+2"]
[Date "2023.03.21"]
[WhiteClock "0:00:04"]
[BlackClock "0:00:31"]

1. e4 c5 2. Nf3 e6 3. d4 cxd4 4. Nxd4 a6 5. Bd3 Bc5 6. Nb3 Be7 7. Qg4 g6 8. Nc3 d6 9. Qe2 Nd7 10. Be3 Qc7 11. a4 b6 12. f4 Bb7 13. O-O Ngf6 14. Rad1 O-O 15. f5 gxf5 16. exf5 e5 17. Bh6 Kh8 18. Bxf8 Rxf8 19. Bxa6 Ba8 20. Bc4 b5 21. axb5 Nb6 22. Bd3 d5 23. Qd2 Rg8 24. Rde1 Nc4 25. Qh6 Nxb2 26. Nd1 d4 27. Re2 Nxd1 28. Rxd1 e4 29. Nxd4 Ng4 30. Qh5 exd3 31. Rxd3 Bc5 32. c3 Qf4 33. Rf3 Qc1+ 34. Rf1 Qxc3 35. Qxf7 Qxd4+ 36. Kh1 Bd5 37. Qh5 Ne3 38. Rfe1 Nxg2 39. Rxg2 Bxg2# 0-1


[Site "https://www.chess.com"]

[Event "Titled Tuesday Blitz March 21 Early 2023"]
[White "wqws"]
[Black "Galchenko, Matvey"]
[BlackFideId "24175480"]
[WhiteElo "2628"]
[BlackElo "2404"]
[Result "0-1"]
[Round "11"]
[TimeControl "180+2"]
[Date "2023.03.21"]
[WhiteClock "0:00:06"]
[BlackClock "0:00:11"]

1. e4 e6 2. d4 d5 3. Nd2 a6 4. Ngf3 Nf6 5. e5 Nfd7 6. Bd3 c5 7. c3 Nc6 8. O-O g5 9. dxc5 g4 10. Nd4 Ndxe5 11. Be2 Bxc5 12. N2b3 Bd6 13. Bf4 h5 14. Re1 Nf3+ 15. Bxf3 Bxf4 16. Nxc6 bxc6 17. Qd4 Rg8 18. Bxd5 Bxh2+ 19. Kxh2 cxd5 20. Nc5 Qd6+ 21. Kg1 Qe7 22. c4 dxc4 23. Ne4 Kf8 24. Rad1 Bb7 25. Nf6 Rg6 26. Nxh5 Kg8 27. Qd7 Qxd7 28. Rxd7 Bc6 29. Rc7 Bb5 30. a4 Bxa4 31. Rxc4 Bb5 32. Rxg4 Rxg4 33. Nf6+ Kg7 34. Nxg4 Rd8 35. Rc1 Rd2 36. Rc7 Rxb2 37. Ne5 Kf6 38. Nxf7 a5 39. Nd6 Bd3 40. Ra7 Ra2 41. f4 a4 42. g4 a3 43. Nf7 e5 44. Nxe5 Be4 45. Ra6+ Ke7 46. Nc4 Rg2+ 47. Kf1 a2 48. Ra7+ Kd8 49. Nd6 Bd5 50. Nf7+ Kc8 51. Nd6+ Kb8 52. Ra5 Rh2 53. g5 a1=Q+ 54. Rxa1 Rh1+ 55. Kf2 Rxa1 56. Ke3 Kc7 57. Nf5 Kd7 58. Kd4 Be6 59. Ne3 Ra5 60. Ke4 Ke7 61. f5 Ra4+ 62. Ke5 Ra5+ 63. Ke4 Bg8 64. f6+ Ke6 65. Ng4 Rxg5 66. Kf4 Ra5 67. Nh6 Bf7 68. Nxf7 Kxf7 0-1


[Site "https://www.chess.com"]